 Dungeon Crawl Stone Soup version 0.21.1-1-g345015f (webtiles) character file.

30 Kairos the Skirmisher (level 3, 29/29 HPs)
             Began as a Demonspawn Abyssal Knight on Mar 27, 2018.
             Was a Follower of Lugonu.
             Got out of the dungeon alive.
             The game lasted 00:02:24 (1033 turns).

Kairos the Skirmisher (Demonspawn Abyssal Knight)   Turns: 1033, Time: 00:02:25

Health: 29/29      AC:  4    Str: 11 (13) XL:     3   Next: 5%
Magic:  4/4        EV: 11    Int: 10 (13) God:    Lugonu [*.....]
Gold:   70         SH:  0    Dex: 10 (12) Spells: 2/2 levels left

rFire    . . .     SeeInvis .   a - +2 mace
rCold    . . .     Gourm    .   (no shield)
rNeg     . . .     Faith    .   b - +1 leather armour
rPois    .         Spirit   .   (no helmet)
rElec    .         Reflect  .   (no cloak)
rCorr    .         Harm     .   (no gloves)
MR       .....                  (no boots)
Stlth    ++........             (no amulet)
HPRegen  0.09/turn              (no ring)
MPRegen  0.09/turn              (no ring)

@: no status effects
A: nightstalker 1
a: Depart the Abyss, Renounce Religion


You escaped.
You worshipped Lugonu.
Lugonu was aware of your devotion.
You were not hungry.

You visited 1 branch of the dungeon, and saw 1 of its levels.
You visited the Abyss 1 time.

You collected 70 gold pieces.

Inventory:

Hand Weapons
 a - a +2 mace (weapon)
Armour
 b - a +1 leather armour (worn)
Potions
 e - a potion of flight
 f - a potion of curing
Comestibles
 c - 5 rations


   Skills:
 + Level 3.2 Fighting
 + Level 2.3 Maces & Flails
 + Level 2.0 Armour
 + Level 1.3 Dodging
 + Level 0.2 Stealth
 + Level 2.6 Invocations


You had 2 spell levels left.
You didn't know any spells.

Dungeon Overview and Level Annotations

Branches:
Dungeon (1/15)

Altars:


Innate Abilities, Weirdness & Mutations

You are slightly more attuned to the shadows.


Message History

Your +0 leather armour glows green for a moment.
As you read the scroll labeled ZELIEL GUOR, it crumbles to dust.
You feel blessed for a moment.
It was a scroll of remove curse.
As you read the scroll labeled NIMIYCRI YSUXE, it crumbles to dust.
It is a scroll of amnesia.
You feel forgetful for a moment.
As you read the scroll labeled ACVIOL QUORUZ, it crumbles to dust.
It is a scroll of enchant weapon.
Your +1 mace glows red for a moment.
Your surroundings suddenly seem different.
There is an open door here.
There is a staircase leading out of the dungeon here.
Are you sure you want to leave the Dungeon?
This will make you lose the game!
Alright, then stay!
It was a potion of degeneration.
There was something very wrong with that liquid.
You feel weakened.
You feel dopey.
You feel clumsy.
It was a potion of curing.
You feel better.
Are you sure you want to leave the Dungeon?
This will make you lose the game!
You have escaped!

.......##...#.#.###.#####.#
####†#..............#####.## #
#.#########...#####.....# #
#.# ######.#.#####.###.# #
#.####.........(..).# #.#
####..>................# #.#
.[...#####....##'##....# #.#
####.# #...##...##÷..# #.#
####.#####...#..@..#...# #.#
.............##...##...# #.#
.....####.....##+##....# #.#
####.#####.............# #.#
#...................# #.######
###########.....#.#.###...(...
#####.#.#........... #
#.#.##.########. # ##.#.##.#
#.


There were no monsters in sight!

Vanquished Creatures
  2 dart slugs (D:1)
  2 giant cockroaches (D:1)
  5 goblins (D:1)
  A hobgoblin (D:1)
  6 jackals (D:1)
  2 bats (D:1)
  A frilled lizard (D:1)
  3 kobolds (D:1)
  A rat (D:1)
23 creatures vanquished.

Notes
Turn   | Place    | Note
-------+----------+-------------------------------------------
     0 | Abyss:1  | Kairos the Demonspawn Abyssal Knight began the quest for the Orb.
     0 | Abyss:1  | Reached XP level 1. HP: 18/18 MP: 2/2
    52 | Abyss:2  | Found a corrupted altar of Lugonu.
   115 | Abyss:2  | Noticed a raiju
   117 | D:1      | Escaped the Abyss
   569 | D:1      | Reached * piety under Lugonu
   569 | D:1      | Gained mutation: You are slightly more attuned to the shadows. [demonic ancestry]
   569 | D:1      | Reached XP level 2. HP: 20/24 MP: 3/3
   624 | D:1      | Reached skill level 1 in Dodging
   947 | D:1      | Reached XP level 3. HP: 27/29 MP: 4/4
  1033 | D:$      | Got out of the dungeon alive.

Skill      XL: |  1  2 |
---------------+-------+-----
Maces & Flails | 2 |  2.3
Dodging        | 1 |  1.3
Armour         | 2 |  2.0
Fighting       | |  3.2
Stealth        | |  0.2
Invocations    | |  2.6

Action                   || total
-------------------------++-------
Melee: Mace              ||    72
Invok: Depart the Abyss  ||     1
  Use: Scroll            ||     6
       Potion            ||     2
 Stab: Sleeping          ||     1
Armor: Leather armour    ||    25
Dodge: Dodged            ||    48
